TOP OF THE 1ST |
Chicago (NYP) White Sox batting - Pitching for Mahoning Valley Scrappers : RHP Mike Staley
|
Pitching: RHP Mike Staley
|
|
Batting: RHB Rafael Medina
|
0-0: Swinging Strike 0-1: Ball 1-1: Swinging Strike 1-2: Foul Ball, location: 2F 1-2: Ball 2-2: Strikes out looking
|
Batting: SHB Danny Gallegos
|
0-0: Called Strike 0-1: Foul Ball, location: 2F 0-2: Strikes out looking
|
Batting: LHB Anthony Mosley
|
0-0: Ball 1-0: Foul Ball, location: 2F 1-1: Foul Ball, location: 2F 1-2: Strikes out swinging
|
Top of the 1st over - 0 runs, 0 hits, 0 errors, 0 left on base; Chicago (NYP) 0 - Mahoning Valley 0 |
BOTTOM OF THE 1ST |
Mahoning Valley Scrappers batting - Pitching for Chicago (NYP) White Sox : RHP Rick Sacket
|
Pitching: RHP Rick Sacket
|
|
Batting: RHB Chris Folse
|
0-0: Foul Ball, location: 2F 0-1: Called Strike 0-2: Strikes out swinging
|
Batting: RHB Jonathan Livingston
|
0-0: Foul Ball, location: 2F 0-1: Ball 1-1: Swinging Strike 1-2: Fly out, F7 (Flyball, 78D, EV 109.4 MPH)
|
Batting: LHB Dave Key
|
0-0: Ground out 4-3 (Groundball, 4S, EV 71.2 MPH)
|
Bottom of the 1st over - 0 runs, 0 hits, 0 errors, 0 left on base; Chicago (NYP) 0 - Mahoning Valley 0 |
TOP OF THE 2ND |
Chicago (NYP) White Sox batting - Pitching for Mahoning Valley Scrappers : RHP Mike Staley
|
Batting: RHB Jeremy Lewis
|
0-0: Called Strike 0-1: Ball 1-1: Fly out, F4 (Line Drive, 4M, EV 66.9 MPH)
|
Batting: RHB Steve Byerly
|
0-0: Called Strike 0-1: Fly out, F8 (Flyball, 8LD, EV 85.0 MPH)
|
Batting: RHB Bobby Heagle
|
0-0: Ball 1-0: Ground out 4-3 (Groundball, 4, EV 83.1 MPH)
|
Top of the 2nd over - 0 runs, 0 hits, 0 errors, 0 left on base; Chicago (NYP) 0 - Mahoning Valley 0 |
BOTTOM OF THE 2ND |
Mahoning Valley Scrappers batting - Pitching for Chicago (NYP) White Sox : RHP Rick Sacket
|
Batting: RHB Kevin Wiles
|
0-0: Ground out 5-3 (Groundball, 56, EV 90.0 MPH)
|
Batting: LHB Brandon Hopper
|
0-0: Called Strike 0-1: Called Strike 0-2: Ground out 4-3 (Groundball, 4, EV 85.0 MPH)
|
Batting: LHB Rich Walker
|
0-0: Ball 1-0: Called Strike 1-1: Ball 2-1: Ball 3-1: Foul Ball, location: 2F 3-2: Strikes out swinging
|
Bottom of the 2nd over - 0 runs, 0 hits, 0 errors, 0 left on base; Chicago (NYP) 0 - Mahoning Valley 0 |
TOP OF THE 3RD |
Chicago (NYP) White Sox batting - Pitching for Mahoning Valley Scrappers : RHP Mike Staley
|
Batting: RHB Yorkis Saiki
|
0-0: Called Strike 0-1: SINGLE (Line Drive, 34D, EV 100.0 MPH)
|
Batting: RHB Andy Huntley
|
0-0: Swinging Strike 0-1: Fly out, F8 (Flyball, 8RD, EV 91.2 MPH)
|
Batting: RHB Ighlas Mwara
|
0-0: Foul Ball, location: 2F 0-1: Reached on error, E4 (Line Drive, 4, EV 71.9 MPH) Yorkis Saiki to second
|
Batting: RHB Rafael Medina
|
0-0: Foul Ball, location: 2F 0-1: Foul Ball, location: 2F 0-2: Ball 1-2: Fielders Choice at 2nd, 4-6 (Groundball, 4, EV 105.0 MPH) Yorkis Saiki to third
|
Batting: SHB Danny Gallegos
|
0-0: Fly out, F9 (Flyball, 9, EV 88.8 MPH)
|
Top of the 3rd over - 0 runs, 1 hit, 1 error, 2 left on base; Chicago (NYP) 0 - Mahoning Valley 0 |
BOTTOM OF THE 3RD |
Mahoning Valley Scrappers batting - Pitching for Chicago (NYP) White Sox : RHP Rick Sacket
|
Batting: RHB Jose Argueta
|
0-0: Ball 1-0: DOUBLE (Line Drive, 7LM, EV 100.6 MPH)
|
Batting: RHB Andy Lewis
|
0-0: Foul Ball, location: 2F 0-1: Called Strike 0-2: Ball 1-2: Strikes out looking
|
Batting: RHB Jaquan Brown
|
0-0: Ball 1-0: Ground out 4-3 (Groundball, 4, EV 88.1 MPH) Jose Argueta to third
|
Batting: RHB Chris Folse
|
0-0: SINGLE (Groundball, 56D, EV 104.4 MPH) Jose Argueta scores
|
Batting: RHB Jonathan Livingston
|
0-0: Ball 1-0: Called Strike 1-1: Called Strike 1-2: Ground out 4-3 (Groundball, 4, EV 90.6 MPH)
|
Bottom of the 3rd over - 1 run, 2 hits, 0 errors, 1 left on base; Chicago (NYP) 0 - Mahoning Valley 1 |
TOP OF THE 4TH |
Chicago (NYP) White Sox batting - Pitching for Mahoning Valley Scrappers : RHP Mike Staley
|
Batting: LHB Anthony Mosley
|
0-0: Ball 1-0: Swinging Strike 1-1: Foul Ball, location: 2F 1-2: Ground out 4-3 (Groundball, 4S, EV 85.0 MPH)
|
Batting: RHB Jeremy Lewis
|
0-0: Called Strike 0-1: Ball 1-1: Ball 2-1: Ball 3-1: Swinging Strike 3-2: Foul Ball, location: 2F 3-2: Foul Ball, location: 2F 3-2: Strikes out swinging
|
Batting: RHB Steve Byerly
|
0-0: Called Strike 0-1: Called Strike 0-2: Ball 1-2: Fly out, F7 (Line Drive, 78M, EV 88.8 MPH)
|
Top of the 4th over - 0 runs, 0 hits, 0 errors, 0 left on base; Chicago (NYP) 0 - Mahoning Valley 1 |
BOTTOM OF THE 4TH |
Mahoning Valley Scrappers batting - Pitching for Chicago (NYP) White Sox : RHP Rick Sacket
|
Batting: LHB Dave Key
|
0-0: Called Strike 0-1: Ball 1-1: Swinging Strike 1-2: Strikes out swinging
|
Batting: RHB Kevin Wiles
|
0-0: Ball 1-0: Fly out, F9 (Flyball, 89D, EV 101.2 MPH)
|
Batting: LHB Brandon Hopper
|
0-0: Fly out, F6 (Flyball, 56D, EV 90.6 MPH)
|
Bottom of the 4th over - 0 runs, 0 hits, 0 errors, 0 left on base; Chicago (NYP) 0 - Mahoning Valley 1 |
TOP OF THE 5TH |
Chicago (NYP) White Sox batting - Pitching for Mahoning Valley Scrappers : RHP Mike Staley
|
Batting: RHB Bobby Heagle
|
0-0: Ground out 4-3 (Groundball, 4, EV 80.0 MPH)
|
Batting: RHB Yorkis Saiki
|
0-0: Called Strike 0-1: Ball 1-1: SINGLE (Line Drive, 8LS, EV 97.5 MPH)
|
Batting: RHB Andy Huntley
|
0-0: Ball 1-0: Ball 2-0: Called Strike 2-1: Swinging Strike 2-2: Ball 3-2: Foul Ball, location: 2F 3-2: Grounds into double play, 5-4-3 (Groundball, 56, EV 88.8 MPH)
|
Top of the 5th over - 0 runs, 1 hit, 0 errors, 0 left on base; Chicago (NYP) 0 - Mahoning Valley 1 |
BOTTOM OF THE 5TH |
Mahoning Valley Scrappers batting - Pitching for Chicago (NYP) White Sox : RHP Rick Sacket
|
Batting: LHB Rich Walker
|
0-0: Ball 1-0: Foul Ball, location: 2F 1-1: Ball 2-1: Foul Ball, location: 2F 2-2: DOUBLE (Line Drive, 7LD, EV 105.0 MPH)
|
Batting: RHB Jose Argueta
|
0-0: Called Strike 0-1: Ball 1-1: Ball 2-1: Fly out, F7 (Flyball, 7, EV 88.8 MPH)
|
Batting: RHB Andy Lewis
|
0-0: Ball 1-0: Foul Ball, location: 2F 1-1: Ground out 6-3 (Groundball, 6, EV 82.5 MPH)
|
Batting: RHB Jaquan Brown
|
0-0: Ball 1-0: Swinging Strike 1-1: SINGLE (Line Drive, 9S, EV 109.4 MPH) Rich Walker to third Runner from 3rd tries for Home, SAFE, throw by RF to home Jaquan Brown to second
|
Batting: RHB Chris Folse
|
0-0: Called Strike 0-1: Ball 1-1: Foul Ball, location: 2F 1-2: Ground out 6-3 (Groundball, 6, EV 100.6 MPH)
|
Bottom of the 5th over - 1 run, 2 hits, 0 errors, 1 left on base; Chicago (NYP) 0 - Mahoning Valley 2 |
TOP OF THE 6TH |
Chicago (NYP) White Sox batting - Pitching for Mahoning Valley Scrappers : RHP Mike Staley
|
Batting: RHB Ighlas Mwara
|
0-0: Ball 1-0: Fly out, F8 (Flyball, 8LXD, EV 99.4 MPH)
|
Batting: RHB Rafael Medina
|
0-0: Called Strike 0-1: Ball 1-1: Ground out 4-3 (Groundball, 4, EV 87.5 MPH)
|
Batting: SHB Danny Gallegos
|
0-0: Fly out, F8 (Flyball, 8RM, EV 88.8 MPH)
|
Top of the 6th over - 0 runs, 0 hits, 0 errors, 0 left on base; Chicago (NYP) 0 - Mahoning Valley 2 |
BOTTOM OF THE 6TH |
Mahoning Valley Scrappers batting - Pitching for Chicago (NYP) White Sox : RHP Rick Sacket
|
Batting: RHB Jonathan Livingston
|
0-0: Ground out U3 (Groundball, 3, EV 91.2 MPH)
|
Batting: LHB Dave Key
|
0-0: Called Strike 0-1: Ball 1-1: Ball 2-1: Called Strike 2-2: Ground out 6-3 (Groundball, 6, EV 93.1 MPH)
|
Batting: RHB Kevin Wiles
|
0-0: Ball 1-0: Foul Ball, location: 2F 1-1: Foul Ball, location: 2F 1-2: Strikes out looking
|
Bottom of the 6th over - 0 runs, 0 hits, 0 errors, 0 left on base; Chicago (NYP) 0 - Mahoning Valley 2 |
TOP OF THE 7TH |
Chicago (NYP) White Sox batting - Pitching for Mahoning Valley Scrappers : RHP Mike Staley
|
Batting: LHB Anthony Mosley
|
0-0: Called Strike 0-1: Ball 1-1: Called Strike 1-2: Strikes out swinging
|
Batting: RHB Jeremy Lewis
|
0-0: Foul Ball, location: 2F 0-1: Called Strike 0-2: Fly out, F8 (Flyball, 78D, EV 92.5 MPH)
|
Batting: RHB Steve Byerly
|
0-0: Foul Ball, location: 2F 0-1: Called Strike 0-2: Ball 1-2: Fly out, F8 (Flyball, 8RM, EV 88.8 MPH)
|
Top of the 7th over - 0 runs, 0 hits, 0 errors, 0 left on base; Chicago (NYP) 0 - Mahoning Valley 2 |
BOTTOM OF THE 7TH |
Mahoning Valley Scrappers batting - Pitching for Chicago (NYP) White Sox : RHP Rick Sacket
|
Batting: LHB Brandon Hopper
|
0-0: Fly out, F9 (Line Drive, 9, EV 90.0 MPH)
|
Batting: LHB Rich Walker
|
0-0: Ball 1-0: Ball 2-0: Ball 3-0: Called Strike 3-1: Called Strike 3-2: Strikes out swinging
|
Batting: RHB Jose Argueta
|
0-0: Fly out, F8 (Flyball, 78S, EV 88.1 MPH)
|
Bottom of the 7th over - 0 runs, 0 hits, 0 errors, 0 left on base; Chicago (NYP) 0 - Mahoning Valley 2 |
TOP OF THE 8TH |
Chicago (NYP) White Sox batting - Pitching for Mahoning Valley Scrappers : RHP Mike Staley
|
Now in LF: Travis Burnett
|
|
Batting: RHB Bobby Heagle
|
0-0: Ball 1-0: SINGLE (Line Drive, 9S, EV 104.4 MPH)
|
Batting: RHB Yorkis Saiki
|
0-0: Ball 1-0: DOUBLE (Line Drive, 9LS, EV 92.5 MPH) Bobby Heagle to third
|
Pinch Hitting: SHB Manny Berrones
|
0-0: Ground out 6-3 (Groundball, 56, EV 105.0 MPH) Bobby Heagle scores
|
Pinch Hitting: RHB Joe Weissman
|
0-0: Ball 1-0: Foul Ball, location: 2F 1-1: Foul Ball, location: 2F 1-2: Ball 2-2: Foul Ball, location: 2F 2-2: Ball 3-2: Ground out 4-3 (Groundball, 4, EV 96.9 MPH) Yorkis Saiki to third
|
Batting: RHB Rafael Medina
|
0-0: Called Strike 0-1: Ball 1-1: Called Strike 1-2: Ball 2-2: Strikes out swinging
|
Top of the 8th over - 1 run, 2 hits, 0 errors, 1 left on base; Chicago (NYP) 1 - Mahoning Valley 2 |
BOTTOM OF THE 8TH |
Mahoning Valley Scrappers batting - Pitching for Chicago (NYP) White Sox : RHP Rick Sacket
|
Now in LF: Bastiaan Leenders
|
|
Now in CF: Sean Peake
|
|
Batting: RHB Andy Lewis
|
0-0: Ball 1-0: Ball 2-0: Ball 3-0: Called Strike 3-1: Foul Ball, location: 2F 3-2: Strikes out looking
|
Pitching: RHP Mike Wheeler
|
|
Pinch Hitting: LHB Vinny Carreno
|
0-0: Called Strike 0-1: Fly out, F9 (Flyball, 9D, EV 94.4 MPH)
|
Batting: RHB Chris Folse
|
0-0: Foul Ball, location: 2F 0-1: Ball 1-1: Swinging Strike 1-2: Foul Ball, location: 2F 1-2: Strikes out looking
|
Bottom of the 8th over - 0 runs, 0 hits, 0 errors, 0 left on base; Chicago (NYP) 1 - Mahoning Valley 2 |
TOP OF THE 9TH |
Chicago (NYP) White Sox batting - Pitching for Mahoning Valley Scrappers : RHP Mike Staley
|
Now in RF: Harris Leroux
|
|
Batting: SHB Danny Gallegos
|
0-0: Ball 1-0: Called Strike 1-1: DOUBLE (Flyball, 8RD, EV 101.9 MPH)
|
Batting: LHB Anthony Mosley
|
0-0: Ball 1-0: Called Strike 1-1: Foul Ball, location: 2F 1-2: Foul Ball, location: 2F 1-2: Ground out 6-3 (Groundball, 6, EV 83.1 MPH) Danny Gallegos to third
|
Batting: RHB Jeremy Lewis
|
0-0: SINGLE (Groundball, 56D, EV 103.1 MPH) Danny Gallegos scores
|
Batting: RHB Steve Byerly
|
0-0: SINGLE (Groundball, 56S, EV 65.0 MPH) (infield hit) Jeremy Lewis to second
|
Batting: RHB Bobby Heagle
|
0-0: Ball 1-0: Called Strike 1-1: Foul Ball, location: 2F 1-2: Foul Ball, location: 2F 1-2: Ball 2-2: Ball Wild Pitch! Jeremy Lewis to third Steve Byerly to second 3-2: Intentional Walk
|
Batting: RHB Yorkis Saiki
|
0-0: Called Strike 0-1: Fly out, F9 (Flyball, 89S, EV 94.4 MPH)
|
Batting: RHB Sean Peake
|
0-0: Called Strike 0-1: Ball 1-1: Foul Ball, location: 2F 1-2: Ball 2-2: Fielders Choice at 2nd, U4 (Groundball, 4M, EV 98.8 MPH)
|
Top of the 9th over - 1 run, 3 hits, 0 errors, 3 left on base; Chicago (NYP) 2 - Mahoning Valley 2 |
BOTTOM OF THE 9TH |
Mahoning Valley Scrappers batting - Pitching for Chicago (NYP) White Sox : RHP Mike Wheeler
|
Pinch Hitting: LHB Matt Steinke
|
0-0: Called Strike 0-1: Foul Ball, location: 2F 0-2: Strikes out swinging
|
Batting: LHB Dave Key
|
0-0: Ball 1-0: Foul Ball, location: 2F 1-1: Foul Ball, location: 2F 1-2: Foul Ball, location: 2F 1-2: Ground out 5-3 (Groundball, 56, EV 88.8 MPH)
|
Pinch Hitting: SHB Justin Veatch
|
0-0: Foul Ball, location: 2F 0-1: Foul Ball, location: 2F 0-2: Ball 1-2: Strikes out swinging, 2-3 out at first.
|
Bottom of the 9th over - 0 runs, 0 hits, 0 errors, 0 left on base; Chicago (NYP) 2 - Mahoning Valley 2 |
BOTTOM OF THE 10TH |
Mahoning Valley Scrappers batting - Pitching for Chicago (NYP) White Sox : RHP Mike Wheeler
|
Pitching: RHP Clay Redman
|
|
Now at 1B: Tyrell Camp
|
|
Batting: SHB Travis Burnett
|
0-0: Called Strike 0-1: Ground out 6-3 (Groundball, 56S, EV 65.0 MPH)
|
Batting: LHB Rich Walker
|
0-0: Swinging Strike 0-1: Foul Ball, location: 2F 0-2: Ball 1-2: Ball 2-2: Ground out 1-3 (Groundball, 15S, EV 66.9 MPH)
|
Batting: RHB Jose Argueta
|
0-0: Ball 1-0: Swinging Strike 1-1: Foul Ball, location: 2F 1-2: Strikes out swinging
|
Bottom of the 10th over - 0 runs, 0 hits, 0 errors, 0 left on base; Chicago (NYP) 3 - Mahoning Valley 2 |
|